 Dungeon Crawl Stone Soup version 0.30-a0-4-ga7cffc901d (webtiles) character file.

Game seed: 10853759809367503478

37 Setbun the Sneak (level 3, -1/20 HPs)
             Began as a Kobold Enchanter on Aug 20, 2022.
             Frozen to death by an endoplasm (4 damage)
             ... on level 2 of the Dungeon.
             The game lasted 00:01:23 (1959 turns).

Setbun the Sneak (Kobold Enchanter)                 Turns: 1959, Time: 00:01:24

Health: -1/20      AC:  5    Str:  5    XL:     3   Next: 62%
Magic:  6/6        EV: 15    Int: 16    God:
Gold:   77         SH:  0    Dex: 17    Spells: 6/6 levels left

rFire   . . .      SeeInvis .    a - +1 dagger
rCold   . . .      Faith    .    (no shield)
rNeg    . . .      Spirit   .    b - +0 robe
rPois   .          Reflect  .    g - +0 helmet
rElec   .          Harm     .    q - +0 cloak
rCorr   .          Rampage  .    f - +0 pair of gloves
Will    .....                    (no boots)
Stlth   ++++......               (no amulet)
HPRegen 0.06/turn                (no ring)
MPRegen 0.10/turn                (no ring)

@: no status effects
A: small, no large weapons, nightstalker 3
a: no special abilities


You were on level 2 of the Dungeon.
You visited 1 branch of the dungeon, and saw 2 of its levels.

You collected 77 gold pieces.

Inventory:

Hand Weapons
 a - a +1 dagger (weapon)
Armour
 b - a +0 robe (worn)
 f - a +0 pair of gloves (worn)
 g - a +0 helmet (worn)
 q - a +0 cloak (worn)
Jewellery
 r - a ring of magical power
Scrolls
 h - 5 scrolls of identify {unknown}
 i - a scroll of acquirement {unknown}
 n - a scroll of magic mapping {unknown}
 o - a scroll of enchant weapon {unknown}
Potions
 c - 2 potions of invisibility
 d - 2 potions of attraction {unknown}
 e - 2 potions of degeneration {unknown}
 j - a potion of haste {unknown}
 k - 3 potions of berserk rage {unknown}
 l - a potion of curing {unknown}
 m - a potion of mutation {unknown}
 p - a potion of resistance {unknown}


   Skills:
 + Level 1.0 Fighting
 * Level 2.6 Short Blades
 + Level 2.8 Dodging
 + Level 4.2 Stealth
 + Level 2.4 Spellcasting
 + Level 3.2 Hexes


You had 6 spell levels left.
You didn't know any spells.
Your spell library contained the following spells:

 Spells                   Type           Power      Damage    Failure   Level
 Ensorcelled Hibernation  Hex/Ice        14%        N/A       16%         2
 Confusing Touch          Hex            12%        N/A       16%         3
 Tukima's Dance           Hex            12%        N/A       16%         3
 Dazzling Flash           Conj/Hex       14%        N/A       30%         3


Dungeon Overview and Level Annotations

Branches:
Dungeon (2/15)

Altars:

Shops:
D:1 =


Innate Abilities, Weirdness & Mutations

You are small and have problems with some larger weapons.
You are completely attuned to the shadows.


Message History

You hit the worm. You punch the worm.
The worm is severely wounded.
The endoplasm barely misses you. The worm misses you.
You hit the worm.
The worm is severely wounded.
The endoplasm misses you.
You barely miss the worm.
The worm is severely wounded.
The worm bites you but does no damage. The endoplasm completely misses you.
You hit the worm.
The worm is severely wounded.
The endoplasm closely misses you.
You barely miss the worm.
The worm is severely wounded.
The worm bites you!
The endoplasm hits you but does no damage.
You hit the worm.
The worm is almost dead.
The endoplasm freezes you.
You are frozen.
You barely miss the worm.
The worm is almost dead.
The worm closely misses you.
The endoplasm hits you but does no damage.
You barely miss the worm.
The worm is almost dead.
You hit the worm.
The worm is almost dead.
The endoplasm freezes you.
You are frozen.
* * * LOW HITPOINT WARNING * * *
The worm barely misses you.
You barely miss the worm.
The worm is almost dead.
The endoplasm misses you. The worm closely misses you.
You hit the worm.
The worm is almost dead.
The endoplasm freezes you.
You are frozen.
You die...

# # # # # # # . ###
#.############## ### #
#.#.. #.......#......#
####.. #.##.#.#
#......w#......# #.....
#.#....###.....J@#......#
#.....
#....#..................#
#....#
##.###.####......##.#####
#....# .......#
#......##.# #....#
##.##### #......##.#
######
#.#########'######.# #
#.#.......#.# #.#### #
#.#.......#.######....#
######
#.+.......'.[...<#....#
#.....


You could see a worm and an endoplasm.

Vanquished Creatures
  2 dart slugs (D:1)
  2 endoplasms
  2 giant cockroaches (D:1)
  4 goblins (D:1)
  A hobgoblin (D:1)
  A quokka (D:2)
  8 ball pythons
  3 frilled lizards (D:1)
  3 kobolds
  5 rats
31 creatures vanquished.

Notes
Turn   | Place    | Note
-------+----------+-------------------------------------------
     0 | D:1      | Setbun the Kobold Enchanter began the quest for the Orb.
     0 | D:1      | Reached XP level 1. HP: 10/10 MP: 3/3
   361 | D:1      | Reached XP level 2. HP: 16/16 MP: 5/5
   473 | D:1      | Found Kegeklad's Jewellery Emporium.
   500 | D:1      | Found a faded altar of an unknown god.
   742 | D:1      | Reached XP level 3. HP: 20/20 MP: 6/6
  1071 | D:1      | Reached skill level 1 in Fighting
  1959 | D:2      | Frozen to death by an endoplasm

Illustrated notes

Levels and vault maps discovered:
D:1:      minmay_arrival_four_houses, layout_loops_ring,
          nicolae_ecumenical_snake_handling, serial_shops, nicolae_shop_trees,
          minmay_misc_feat_tower, amcnicky_mini_corridor_feature
D:2:      layout_basic

Skill      XL: |  1  2  3 |
---------------+----------+-----
Short Blades   | 2 |  2.6
Fighting       | 1 |  1.0
Dodging        | |  2.8
Stealth        | |  4.2
Spellcasting   | |  2.4
Hexes          | |  3.2

Action                   || total
-------------------------++-------
Melee: Dagger            ||    90
       Punch             ||     1
 Stab: Sleeping          ||    14
Armor: Robe              ||    14
Dodge: Dodged            ||    48

Table legend: (Time is in decaauts)
 A = Elapsed time spent in this place.
 B = Non-inter-level travel time spent in this place.
 C = Inter-level travel time spent in this place.
 D = Time resting spent in this place.
 E = Time spent auto-exploring this place.
 F = Levels seen in this place.
 G = Mean time per level.
                   A        B        C        D        E       F      G
               +--------+--------+--------+--------+--------+-----+--------+
         Total |   1950 |   1900 |     50 |    187 |   1484 |   2 |  975.0 |
       Dungeon |   1950 |   1900 |     50 |    187 |   1484 |   2 |  975.0 |
               +--------+--------+--------+--------+--------+-----+--------+

Top non-repeatable levels by time:
     D:1: 1217 daAuts
     D:2: 732 daAuts
